 Dungeon Crawl Stone Soup version bcrawl-1.40.3b (webtiles) character file.

Game seed: 12632485156650313336

147580 tauben the Sneak (level 7, -2/50 HPs)
             Began as a Human Archaeologist on Mar 15, 2024.
             Killed themself with a badly aimed iceblast (12 damage)
             ... on level 4 of the Dungeon.
             The game lasted 00:11:04 (4546 turns).

tauben the Sneak (Human Archaeologist)              Turns: 4546, Time: 00:11:05

Health: -2/50      AC: 13    Str: 13    XL:     7   Next: 15%
Magic:  10/10      EV:  5    Int: 14    God:
Gold:   266        SH:  6    Dex: 12    Spells: 6/6 levels left

rFire    . . .     GDR:     24% a - +0 whip
rCold    . . .     SeeInvis .   h - +1 buckler {reflect}
rNeg     . . .     Gourm    .   t - +0 chain mail
rPois    .         Faith    .   d - +1 hat
rElec    .         Spirit   .   (no cloak)
rCorr    .         Reflect  +   (no gloves)
MR       .....     Clarity  +   q - +1 pair of boots
Stlth    ..........             (no amulet)
HPRegen  0.18/turn              (no ring)
MPRegen  0.12/turn              (no ring)

@: lethally poisoned (-2 -> -8)
A: beak, molten scales 1, clarity
a: no special abilities


You were on level 4 of the Dungeon.
You were very hungry.

You visited 1 branch of the dungeon, and saw 4 of its levels.

You collected 266 gold pieces.

Inventory:

Hand Weapons
 a - a +0 whip (weapon)
 b - a +0 blowgun
 u - a +0 hunting sling
 x - a +2 hand axe of chopping
Missiles
 f - 204 arrows
 j - 713 stones (quivered)
 r - 90 poisoned needles
 s - 233 sling bullets
 v - 102 bolts
Armour
 c - a +0 pair of gloves
 d - a +1 hat (worn)
 h - a +1 buckler of reflection (worn)
 q - a +1 pair of boots (worn)
 t - a +0 chain mail (worn)
Wands
 p - a wand of iceblast (2)
Scrolls
 g - 2 scrolls of revelation
 i - a scroll of blinking {unknown}
 k - a scroll of amnesia {unknown}
 l - 3 scrolls of remove curse {unknown}
 m - 2 scrolls of teleportation
Potions
 n - a potion of brilliance
 o - 4 potions of flight
 w - a potion of cancellation
Comestibles
 e - a ration {!d}


   Skills:
 - Level 2.0 Fighting
 + Level 2.5(3.0) Axes
 - Level 2.0(2.6) Maces & Flails
 - Level 4.0 Dodging
 - Level 4.0 Stealth
 - Level 4.0 Shields
 - Level 4.0 Evocations


You had 6 spell levels left.
You didn't know any spells.
Your spell library was empty.

Dungeon Overview and Level Annotations

Branches:
Dungeon (4/12)
 Temple: D:4-7

Altars:
Cheibriados
Elyvilon
Hepliaklqana
Kikubaaqudgha
Makhleb
Sif Muna
Uskayaw
Xom
Zin


Innate Abilities, Weirdness & Mutations

You have a beak for a mouth.
You are partially covered in molten scales. (AC +2)
You possess an exceptional clarity of mind.


Message History

The orc priest invokes the aid of Beogh against you.
Beogh smites you!
* * * LOW HITPOINT WARNING * * *
You hit the scorpion but do no damage.
The scorpion is moderately wounded.
You feel sick. The scorpion stings you.
* * * LOW HITPOINT WARNING * * *
Evoke which item? (* to show all) (? for menu, Esc to quit)
Aiming: Iceblast
Press: ? - help, Shift-Dir - straight line, f - scorpion
Aim: a scorpion (moderately wounded) That beam is likely to hit you.
Continue anyway? [Y]es or [N]o only, please.
That beam is likely to hit you.
Continue anyway?
The mass of ice explodes!
The iceblast engulfs the scorpion!!
You kill the scorpion!
The iceblast engulfs the orc!!
You kill the orc!
The iceblast engulfs you!
You die... #^.... ...... #..... .... #..... .... #..... .hh ###..... #Yo

.#####....... #)#
.........#### # #)#
#....####.## #.
#@###...####...###
..##.##.##..............
...............####.####
#....#..###....##[....##
..## #..# #....#.......#
#..###...)#.......#
#...##........_....
##........#.......#
####..####.#.......#


You could see a sky beast, an orc priest and 2 jackals.

Vanquished Creatures
  A kobold brigand (D:4)
  2 scorpions (D:4)
  An orc priest (D:4)
  2 crimson imps
  Terence (D:2)
  A hound skeleton (D:4)
  A howler monkey skeleton (D:4)
  6 adders
  An adder zombie (D:4)
  An adder skeleton (D:4)
  A worm (D:3)
  3 dart slugs (D:1)
  4 leopard geckos
  8 orcs
  9 goblins
  7 hobgoblins
  5 jackals (D:1)
  5 kobolds
  2 quokkas (D:3)
  A ball python (D:2)
  3 bats
  3 frilled lizards
  3 rats
71 creatures vanquished.

Notes
Turn   | Place    | Note
-------+----------+-------------------------------------------
     0 | D:1      | tauben the Human Archaeologist began the quest for the Orb.
     0 | D:1      | Reached XP level 1. HP: 15/15 MP: 1/1
    88 | D:1      | Found a shimmering altar of Xom.
   176 | D:1      | Reached XP level 2. HP: 21/21 MP: 2/2
   396 | D:1      | Reached XP level 3. HP: 25/26 MP: 3/3
  1437 | D:2      | Noticed Terence
  1442 | D:2      | Killed Terence
  1443 | D:2      | Reached XP level 4. HP: 33/33 MP: 3/5
  1478 | D:2      | Found a burning altar of Makhleb.
  1494 | D:2      | Found a hazy altar of Hepliaklqana.
  1495 | D:2      | Found a glowing silver altar of Zin.
  1497 | D:2      | Found an ancient bone altar of Kikubaaqudgha.
  1499 | D:2      | Found a shimmering blue altar of Sif Muna.
  1535 | D:2      | Found a snail-covered altar of Cheibriados.
  2523 | D:3      | Reached XP level 5. HP: 38/38 MP: 7/7
  2523 | D:3      | Identified a scroll of acquirement
  2535 | D:3      | Identified the amulet "Lyamuaj" {Gourm *Corrode rElec Str+4
                  | Dex+4} (You acquired it on level 3 of the Dungeon)
  3836 | D:3      | Reached skill level 1 in Shields
  3916 | D:4      | Gained mutation: You have a beak for a mouth. [potion of
                  | mutation]
  3916 | D:4      | Gained mutation: You possess an exceptional clarity of
                  | mind. [potion of mutation]
  3916 | D:4      | Gained mutation: You are partially covered in molten
                  | scales. (AC +2) [potion of mutation]
  4010 | D:4      | Reached XP level 6. HP: 27/44 MP: 9/9
  4244 | D:4      | Found a hide-covered altar of Uskayaw.
  4306 | D:4      | Found a white marble altar of Elyvilon.
  4416 | D:4      | Reached skill level 1 in Axes
  4416 | D:4      | Reached XP level 7. HP: 22/50 MP: 10/10
  4546 | D:4      | Killed themself with a badly aimed iceblast

Skill      XL: |  1  2  3  4  5  6  7 |
---------------+----------------------+-----
Stealth        | 4 |  4.0
Dodging        | 4 |  4.0
Fighting       | 2 |  2.0
Evocations     | 2 3 4 |  4.0
Shields        | 2 4 |  4.0
Maces & Flails | 2 |  2.0
Axes           | 1 2 |  2.5

Action                   |  1- 3 |  4- 6 |  7- 9 || total
-------------------------+-------+-------+-------++-------
Melee: Whip              |   124 |   537 |     5 ||   666
       Peck              |       |    10 |     2 ||    12
 Fire: Hunting sling     |       |    12 |       ||    12
       Blowgun           |       |     6 |       ||     6
Throw: Stone             |       |     2 |       ||     2
Evoke: Wand              |     4 |     3 |     1 ||     8
  Use: Scroll            |       |     4 |       ||     4
       Potion            |       |     5 |       ||     5
 Stab: Sleeping          |     6 |       |       ||     6
  Eat: Chunk             |     5 |    11 |       ||    16
       Ration            |       |     4 |       ||     4
Armor: Robe              |    52 |       |       ||    52
       Ring mail         |     3 |       |       ||     3
       Chain mail        |       |   366 |     1 ||   367
Dodge: Dodged            |    82 |   114 |       ||   196
Block: Buckler           |       |    99 |     2 ||   101
       Reflection        |       |     5 |       ||     5
